 Dungeon Crawl Stone Soup version 0.24-a0-537-g2d01d4ab0a (webtiles) character file.

Game seed: 15050478825995765185

1907586 Flugkiller the Wrestler (level 27, 214/214 HPs)
             Began as an Octopode Wanderer on Aug 15, 2019.
             Was the Champion of Cheibriados.
             Escaped with the Orb
             ... and 3 runes on Aug 16, 2019!
             The game lasted 02:21:42 (56355 turns).

Flugkiller the Wrestler (Octopode Wanderer)        Turns: 56355, Time: 02:21:43

Health: 214/214    AC:  9    Str: 34    XL:     27
Magic:  30/30      EV: 42    Int: 23    God:    Cheibriados [******]
Gold:   4611       SH: 22    Dex: 35    Spells: 10/40 levels left

rFire    + + +     SeeInvis .     - Unarmed
rCold    + . .     Gourm    .   Z - +5 shield
rNeg     + . .     Faith    +   x - +2 hat {MR+}
rPois    .         Spirit   .   C - amulet of faith
rElec    .         Reflect  .   i - ring of protection from magic
rCorr    .         Harm     .   o - ring "Yptibb" {AC+4 Dex+3}
MR       +++++                  V - ring of protection from cold
Stlth    ++........             U - +6 ring of slaying
HPRegen  0.45/turn              D - ring "Oriudgho" {rF++ rN+ Int-4 Stlth+}
MPRegen  0.22/turn              r - ring of protection from magic
                                A - ring of protection from fire
                                K - +5 ring of evasion

@: very slow
A: almost no armour, stealthy swim, amphibious, 8 rings, constrict 8, molten
scales 1, camouflage 1, dopey 1, low mp 1, gelatinous body 1, subdued magic 1
0: Orb of Zot
}: 3/15 runes: barnacled, abyssal, gossamer
a: Bend Time, Temporal Distortion, Slouch, Step From Time, Renounce Religion


You escaped.
You worshipped Cheibriados.
Cheibriados was exalted by your worship.
You were near starving.

You visited 11 branches of the dungeon, and saw 50 of its levels.
You visited the Abyss 1 time.
You visited 2 bazaars.
You also visited: Ossuary, Bailey, Gauntlet and Ice Cave.

You collected 6108 gold pieces.
You spent 1497 gold pieces at shops.

Inventory:

Missiles
 h - 2047 arrows
 z - 9 throwing nets (quivered)
 X - 9 curare-tipped darts
Armour
 x - a +2 hat of magic resistance (worn)
   (You took it off Gastronok on level 3 of the Lair of Beasts)
 O - the +3 warlock's mirror {reflect}
   (You took it off an orc wizard on level 8 of the Dungeon)
 Z - a +5 shield (worn)
   (You took it off a tengu warrior on level 5 of the Depths)
Jewellery
 i - a ring of protection from magic (left tentacle)
   (You found it in a bazaar)
 o - the ring "Yptibb" (right tentacle) {AC+4 Dex+3}
   (You acquired it on level 1 of the Abyss)

   [ring of protection]

   It affects your AC (+4).
   It affects your dexterity (+3).
 r - a ring of protection from magic (on tentacle)
   (You bought it in a shop in a bazaar)
 A - a ring of protection from fire (on tentacle)
   (You took it off an orc on level 9 of the Dungeon)
 C - an amulet of faith (around mantle)
   (You found it on level 6 of the Dungeon)
 D - the ring "Oriudgho" (on tentacle) {rF++ rN+ Int-4 Stlth+}
   (You found it in a Gauntlet)

   [ring of stealth]

   It affects your intelligence (-4).
   It greatly protects you from fire.
   It protects you from negative energy.
   It makes you more stealthy.
 K - a +5 ring of evasion (on tentacle)
   (You found it on level 6 of the Lair of Beasts)
 M - a +4 ring of evasion
   (You found it on level 4 of the Shoals)
 U - a +6 ring of slaying (on tentacle)
   (You found it on level 3 of the Lair of Beasts)
 V - a ring of protection from cold (on tentacle)
   (You found it on level 3 of the Shoals)
Wands
 c - a wand of enslavement (35)
   (You found it on level 7 of the Dungeon)
 g - a wand of digging (11)
   (You found it on level 3 of the Elven Halls)
 q - a wand of disintegration (67)
   (You found it on level 9 of the Dungeon)
 v - a wand of flame (29)
   (You found it on level 4 of the Dungeon)
 I - a wand of acid (8)
   (You found it on level 1 of the Elven Halls)
 N - a wand of paralysis (24)
   (You found it on level 14 of the Dungeon)
 T - a wand of scattershot (6)
   (You found it on level 6 of the Lair of Beasts)
 Y - a wand of iceblast (40)
   (You found it on level 13 of the Dungeon)
Scrolls
 a - a scroll of holy word
 b - 3 scrolls of blinking
 e - 12 scrolls of fear
 j - 5 scrolls of fog
 n - 7 scrolls of immolation
 t - 26 scrolls of teleportation
 B - 3 scrolls of summoning
 F - 3 scrolls of magic mapping
 H - 18 scrolls of remove curse
 R - 26 scrolls of identify
Potions
 f - a potion of resistance
 k - 3 potions of invisibility
 l - a potion of mutation
 m - 23 potions of curing
 s - 3 potions of magic
 u - 11 potions of ambrosia
 w - 8 potions of brilliance
 E - 15 potions of heal wounds
 G - 4 potions of might
 P - 4 potions of agility
 S - 3 potions of cancellation
Miscellaneous
 J - 5 sacks of spiders
 Q - a phantom mirror
 W - a phial of floods
   (You found it on level 1 of the Spider Nest)
Comestibles
 d - 59 rations


   Skills:
 + Level 24.1 Fighting
   Level 1.0 Long Blades
 - Level 20.0 Dodging
 - Level 5.0 Stealth
 - Level 15.0 Shields
 + Level 24.4 Unarmed Combat
 - Level 7.0 Spellcasting
 - Level 10.0 Charms
 - Level 3.0 Necromancy
 - Level 16.5 Transmutations
 - Level 10.0 Air Magic
 - Level 9.0 Earth Magic
 - Level 14.1 Invocations
 - Level 5.0 Evocations


You had 10 spell levels left.
You knew the following spells:

 Your Spells              Type           Power        Failure   Level  Hunger
a - Sticks to Snakes      Tmut           ######..     0%          2    None
b - Spider Form           Tmut/Pois      #####.....   1%          3    None
c - Blade Hands           Tmut           ######....   1%          5    #####..
d - Statue Form           Tmut/Erth      ######...    4%          6    ######.
e - Regeneration          Chrm/Necr      ####......   1%          3    None
f - Deflect Missiles      Chrm/Air       #####.....   16%         6    ######.
i - Irradiate             Conj/Tmut      #####.....   5%          5    #####..

Your spell library contained the following spells:

 Spells                   Type           Power        Failure   Level  Hunger
 Beastly Appendage        Tmut           ######       0%          1    None
 Animate Skeleton         Necr           N/A          1%          1    None
 Infusion                 Chrm           ####         1%          1    None
 Pain                     Necr           ###.         1%          1    None
 Sandblast                Erth           #####.       1%          1    None
 Shock                    Conj/Air       ###.         1%          1    None
 Passwall                 Tmut/Erth      ######..     1%          2    None
 Poisonous Vapours        Pois/Air       ###...       1%          2    None
 Shroud of Golubria       Chrm/Tloc      ###...       1%          2    None
 Swiftness                Chrm/Air       #####...     1%          2    None
 Ignite Poison            Fire/Tmut/Pois ####....     1%          3    None
 Airstrike                Air            #####.....   1%          4    ###....
 Ice Form                 Ice/Tmut       #####...     1%          4    ###....
 Petrify                  Tmut/Erth      ######..     1%          4    ###....
 Hydra Form               Tmut           ######....   1%          6    ######.
 Ozocubu's Armour         Chrm/Ice       ###.....     2%          3    None
 Static Discharge         Conj/Air       ###.....     2%          3    None
 Stone Arrow              Conj/Erth      ###...       2%          3    None
 Mephitic Cloud           Conj/Pois/Air  ###.....     4%          3    None
 Lee's Rapid Deconstruct  Erth           #####.....   4%          5    #####..
 Vampiric Draining        Necr           ###.......   5%          3    None
 Yara's Violent Unravell  Hex/Tmut       #####.....   5%          5    #####..
 Corona                   Hex            #......      6%          1    None
 Freeze                   Ice            #...         6%          1    None
 Magic Dart               Conj           #...         6%          1    None
 Summon Butterflies       Summ           #.......     6%          1    None
 Summon Small Mammal      Summ           #...         6%          1    None
 Dragon Form              Tmut           ######....   6%          7    #######
 Summon Lightning Spire   Summ/Air       ###.....     8%          4    ###....
 Blink                    Tloc           N/A          10%         2    None
 Call Imp                 Summ           #.......     10%         2    None
 Ensorcelled Hibernation  Hex/Ice        #.....       10%         2    None
 Searing Ray              Conj           #.....       10%         2    None
 Slow                     Hex            #.......     10%         2    None
 Throw Flame              Conj/Fire      #.....       10%         2    None
 Throw Frost              Conj/Ice       #.....       10%         2    None
 Leda's Liquefaction      Hex/Erth       ###.......   10%         4    ###....
 Excruciating Wounds      Chrm/Necr      ####......   12%         5    #####..
 Borgnjor's Vile Clutch   Necr/Erth      ####......   16%         5    #####..
 Call Canine Familiar     Summ           #.......     19%         3    None
 Conjure Flame            Conj/Fire      #.......     19%         3    None
 Dazzling Spray           Conj/Hex       #.....       19%         3    None
 Gell's Gravitas          Tloc           #.........   19%         3    None
 Inner Flame              Hex/Fire       #.......     19%         3    None
 Lesser Beckoning         Tloc           #.........   19%         3    None
 Portal Projectile        Hex/Tloc       #.....       19%         3    None
 Recall                   Summ/Tloc      N/A          19%         3    None
 Summon Guardian Golem    Hex/Summ       #.......     19%         3    None
 Teleport Other           Tloc           #.......     19%         3    None
 Animate Dead             Necr           N/A          19%         4    ###....
 Iskenderun's Battlesphe  Conj/Chrm      ###.....     22%         5    #####..
 Lightning Bolt           Conj/Air       ###.......   22%         5    #####..
 Silence                  Hex/Air        ###.......   22%         5    #####..
 Bolt of Magma            Conj/Fire/Erth ###.......   47%         5    #####..
 Dispel Undead            Necr           ###.....     47%         5    #####..
 Cause Fear               Hex            #.........   54%         4    ###....
 Force Lance              Conj/Tloc      #.......     54%         4    ###....
 Fulminant Prism          Conj/Hex       #.........   54%         4    ###....
 Iskenderun's Mystic Bla  Conj           #.......     54%         4    ###....
 Sticky Flame             Conj/Fire      #.......     54%         4    ###....
 Summon Ice Beast         Ice/Summ       #.......     54%         4    ###....
 Throw Icicle             Conj/Ice       #.......     54%         4    ###....
 Iron Shot                Conj/Erth      ###.......   86%         6    ######.
 Aura of Abjuration       Summ           #.........   89%         5    #####..
 Fireball                 Conj/Fire      #.........   89%         5    #####..
 Venom Bolt               Conj/Pois      #.........   89%         5    #####..
 Freezing Cloud           Conj/Ice/Air   ###.......   96%         6    ######.
 Death Channel            Necr           ###.......   97%         6    ######.
 Simulacrum               Ice/Necr       ##........   99%         6    ######.
 Bolt of Fire             Conj/Fire      #.........   100%        6    ######.
 Darkness                 Hex            #.........   100%        6    ######.
 Shadow Creatures         Summ           N/A          100%        6    ######.
 Orb of Destruction       Conj           #.........   100%        7    #######
 Ring of Flames           Chrm/Fire      ###.......   100%        7    #######
 Spellforged Servitor     Conj/Summ      #.........   100%        7    #######
 Discord                  Hex            #.........   100%        8    #######
 Ignition                 Fire           #.........   100%        8    #######
 Tornado                  Air            #####.....   100%        9    #######
 Passage of Golubria      Tloc           Unusable     N/A         4    N/A

Dungeon Overview and Level Annotations

Branches:
Dungeon (15/15)            Temple (1/1) D:6            Lair (6/6) D:10
 Shoals (4/4) Lair:3       Spider (4/4) Lair:4        Slime (0/5) Lair:6
    Orc (2/2) D:10            Elf (3/3) Orc:2        Vaults (4/5) D:14
  Crypt (1/3) Vaults:3     Depths (5/5) D:15            Zot (5/5) Depths:5

Altars:
Ashenzari
Cheibriados
Dithmenos
Elyvilon
Fedhas
Gozag
Hepliaklqana
Kikubaaqudgha
Makhleb
Nemelex Xobeh
Okawaru
Qazlal
Ru
Sif Muna
Trog
Uskayaw
Vehumet
Wu Jian
Xom
Yredelemnul
Zin
The Shining One
Beogh
Jiyva
Lugonu

Shops:
D:7 }   D:8 ?   D:9 *   Orc:2 =*[(   Elf:1 !*}[   Vaults:4 }   Depths:1 }*
Depths:2 }=}

Portals:
Hell: Depths:1 Depths:2 Depths:3 Depths:4 Depths:5
Abyss: Depths:4 Depths:5
Pandemonium: Depths:3
Ziggurat: Depths:2
Trove: Elf:1 (give 2 scrolls of acquirement)

Annotations:
D:8 exclusion: 2 killer bees, Harold
D:9 3 runed translucent doors, PeterQ's ghost, novice VSGl
D:10 2 transporters, exclusion: tengu conjurer, Thantalas's ghost, novice DEFE
D:12 3 runed translucent doors, MirrMurr's ghost, journeyman SpEn
Lair:1 3 runed translucent doors, GameOver's ghost, journeyman NaWz
Lair:5 exclusion: hydra
Lair:6 2 transporters, Bodooc's ghost, journeyman OpSu


Innate Abilities, Weirdness & Mutations

You cannot wear most types of armour.
You are very stealthy in the water. (Stealth+)
You are amphibious.
You can wear up to eight rings at the same time.
You can use your tentacles to constrict eight enemies at once.
Your skin changes colour to match your surroundings (Stealth+).
Your rubbery body absorbs attacks. (AC +1, EV +1)
You are partially covered in molten scales. (AC +2)
You are dopey. (Int -2)
Your magical capacity is low. (-10% MP)
Your spells are a little easier to cast, but a little less powerful.


Message History

You turn into a living statue of rough stone.
You are near starving!
The Ice Fiend gestures at you. The bolt of cold hits you. You resist.
The Ice Fiend gestures at you. The bolt of cold misses you.
The Ice Fiend completely misses you. The Ice Fiend barely misses you.
You completely miss the Ice Fiend. You tentacle-slap the Ice Fiend!!
You squeeze the Ice Fiend, but do no damage.
The Ice Fiend is moderately wounded.
You thrash the Ice Fiend!!!!
You kill the Ice Fiend!
Cheibriados appreciates the change of pace.
No target in view!
(D) Dungeon (T) Temple (L) Lair (A) Shoals (N) Spider Nest (M) Slime Pits (O) Orcish Mines (E) Elven Halls (V) Vaults (C) Crypt (U) Depths (H) Hell (Z) Zot
Where to? (Enter - D:1 @ (x,y), ? - help) HP restored.
There is an open door here.
Your transformation is almost over.
You revert to your normal fleshy form.
There is a stone staircase leading up here.
You climb upwards.
There is a stone staircase leading down here.
(D) Dungeon (T) Temple (L) Lair (A) Shoals (N) Spider Nest (M) Slime Pits (O) Orcish Mines (E) Elven Halls (V) Vaults (C) Crypt (U) Depths (H) Hell (Z) Zot
Where to? (Enter - D:1 @ (x,y), ? - help)
There is a stone staircase leading up here.
You climb upwards.
There is a stone staircase leading down here.
A Tzitzimitl comes into view.
There is a stone staircase leading up here.
You climb upwards.
There is a stone staircase leading down here.
Unknown command.
Unknown command.
(D) Dungeon (T) Temple (L) Lair (A) Shoals (N) Spider Nest (M) Slime Pits (O) Orcish Mines (E) Elven Halls (V) Vaults (C) Crypt (U) Depths (H) Hell (Z) Zot
Where to? (Enter - D:1 @ (x,y), ? - help)
There is an open door here.
There is a staircase leading out of the dungeon here.
Unknown command.
Enter note: gg You have escaped!

########...####.........####...#.
.##.........# ##.......## ##.##.
♣##.####.##.# ##.....## #####
.##.# #.##.######...## # ♣##.#
##.##.......#+## ### # #.#
#..##.#.......# ##.# ###.#
#.###.#.⌠...⌠.####### ##.#. ....#
#.# #.#..###........# #>###
###.###.###.#..#@'...####.# ##.#.
#.........#..###....# #.# ##.#
#####.###...⌠...⌠..####.## #.#
##.#.###.........# #...####.#
#.###......####.## #........#
##.#.###...# #.# #...###### ##.##
##### #.# ##### ######## #.#
#......# #.#


There were no monsters in sight!

Vanquished Creatures
  9 ancient liches (Zot:5)
  4 orbs of fire (Zot:5)
  Mara (Vaults:3)
  2 juggernauts
  Sojobo (Depths:5)
  3 Killer Klowns (Zot:5)
  Margery (Depths:5)
  Saint Roka (Vaults:3)
  Xtahua (Vaults:2)
  6 caustic shrikes
  A curse toe (Zot:3)
  7 golden dragons
  A bone dragon (Vaults:3)
  A profane servitor (Abyss:4)
  Arachne (Spider:4)
  3 electric golems
  16 tentacled monstrosities
  An Ice Fiend (D:4)
  5 liches
  The ghost of Vulo the Earth Mage, an adept OpEE of Sif Muna (Shoals:3)
  25 Orb Guardians (Zot:5)
  3 deep elf blademasters
  A quicksilver dragon (Zot:3)
  6 death cobs
  4 tentacled starspawn
  2 Executioners
  4 acid blobs (Depths:4)
  4 krakens
  6 shadow dragons
  Gastronok (Lair:3)
  2 sphinxes
  5 tengu reavers
  6 draconian monks
  Donald (Elf:3)
  16 storm dragons
  4 azure jellies (Depths:4)
  A warmonger (D:11)
  Kirke (Spider:4)
  10 draconian knights
  4 vault wardens
  8 fire giants
  5 ghost moths
  2 orc warlords (Orc:2)
  8 draconian scorchers
  6 frost giants
  13 emperor scorpions
  7 draconian stormcallers
  A cacodemon (Depths:3)
  12 deep elf sorcerers
  2 draconian shifters (Zot:1)
  Aizul (Vaults:2)
  5 deep elf elementalists
  9 very ugly things
  7 draconian annihilators
  11 stone giants
  A juggernaut skeleton (Depths:2)
  A reaper (D:11)
  9 ironheart preservers
  A caustic shrike skeleton (Depths:2)
  8 entropy weavers
  3 deep elf demonologists (Elf:3)
  12 red draconians
  15 green draconians
  A lorocyproca (Abyss:4)
  10 black draconians
  Nessos (D:12)
  A minotaur (Gauntlet)
  10 purple draconians
  4 deep elf annihilators (Elf:3)
  4 merfolk javelineers
  20 yellow draconians
  4 spark wasps
  24 white draconians
  14 ettins
  7 merfolk impalers
  5 deep elf death magi (Elf:3)
  2 death oozes (Depths:4)
  3 jiangshi (Depths:1)
  8 yaktaur captains
  4 deep elf high priests (Elf:3)
  A quicksilver dragon skeleton (Abyss:2)
  12 great orbs of eyes
  9 fire dragons
  2 vault guards (Vaults:4)
  15 ice dragons
  8 rakshasas
  5 merfolk avatars
  3 spriggan air magi
  3 hydras
  15 centaur warriors
  2 catoblepae
  A satyr (Shoals:4)
  2 alligator snapping turtles
  Erica (Orc:1)
  2 death knights
  33 dancing weapons
  7 deep troll earth magi
  5 death yaks
  7 merfolk aquamancers
  6 deep troll shamans
  8 tengu warriors
  61 two-headed ogres
  6 thrashing horrors
  9 spriggan berserkers
  19 ogre magi
  3 hell hogs (Abyss:2)
  A vampire mage (Depths:1)
  3 orc high priests (Orc:2)
  Sonja (D:12)
  13 deep elf knights
  10 hell knights
  6 spriggans
  4 sixfirhies
  A death drake (shapeshifter) (Vaults:1)
  A soul eater (D:6)
  A fire crab (Lair:6)
  2 spatial maelstroms (Abyss:1)
  4 iron trolls (Depths:2)
  2 shadow wraiths
  A fire crab (shapeshifter) (Vaults:4)
  6 glowing orange brains
  21 deep trolls
  2 unseen horrors
  7 flayed ghosts
  An obsidian statue (Zot:5)
  A glowing orange brain (shapeshifter) (Vaults:1)
  8 sea snakes
  14 deep elf archers
  An orange crystal statue (Zot:5)
  7 wizards
  3 necromancers
  A harpy (shapeshifter) (Depths:3)
  15 orc knights
  20 harpies
  13 ironbrand convokers
  17 orb spiders
  48 deep elf magi
  42 ugly things
  14 manticores
  6 orc sorcerers
  2 salamanders (shapeshifter)
  A faun (shapeshifter) (Vaults:1)
  12 elephants
  13 fauns
  11 cyclopes
  39 wolf spiders
  26 moths of wrath
  2 fire giant skeletons (Depths:2)
  7 water nymphs
  9 merfolk sirens
  An apocalypse crab (Abyss:1)
  A rust devil (Depths:3)
  6 vault sentinels
  A toenail golem (Zot:1)
  A black mamba (Lair:3)
  2 torpor snails
  6 ice statues
  26 spiny frogs
  2 orange demons (Depths:3)
  5 smoke demons (Abyss:4)
  2 efreet
  2 rime drakes
  43 yaktaurs
  A yaktaur (shapeshifter) (Abyss:4)
  A rime drake (shapeshifter) (Vaults:1)
  7 freezing wraiths
  A komodo dragon (shapeshifter) (Elf:1)
  A hellwing (Abyss:1)
  19 demonic crawlers
  An ice devil (Zot:5)
  4 anaconda simulacra (IceCv)
  A tormentor (Abyss:4)
  4 komodo dragons
  4 ancient zymes
  5 tengu conjurers
  A queen bee (Spider:2)
  4 polar bears (Lair:6)
  A silent spectre (Abyss:4)
  7 trolls
  44 jumping spiders
  2 wind drakes
  28 merfolk
  Grinder (D:5)
  3 tyrant leeches (Lair:6)
  A queen bee (shapeshifter) (Vaults:4)
  15 hornets
  6 meliai
  20 slime creatures
  16 snapping turtles
  14 hippogriffs
  11 dream sheep
  30 blink frogs
  A blink frog (shapeshifter) (Vaults:2)
  2 raiju (shapeshifter)
  12 raiju
  110 redbacks
  An ettin zombie (Abyss:4)
  4 ynoxinuls
  2 dire elephant simulacra (IceCv)
  An ettin skeleton (Abyss:1)
  3 shadows
  An air elemental (Elf:3)
  45 tarantellas
  4 wyverns
  26 starcursed masses
  6 wraiths
  14 large abominations
  17 water elementals
  7 fire elementals
  A golden eye (shapeshifter) (Vaults:1)
  39 yaks
  Grum (D:9)
  13 vampire mosquitoes
  A fire bat (Abyss:1)
  3 golden eyes (Abyss:2)
  6 basilisks
  A neqoxec (Abyss:4)
  A hog (shapeshifter) (D:14)
  3 steam dragons
  A chaos spawn (Depths:3)
  3 hungry ghosts
  18 small abominations
  5 wargs
  3 iron troll simulacra (IceCv)
  2 acid dragons
  4 spatial vortices (Abyss:1)
  16 water moccasins
  2 floating eyes
  3 hell hounds
  13 porcupines
  3 black bears
  17 ice beasts
  A black bear (shapeshifter) (Vaults:4)
  55 orc warriors
  A necrophage (D:9)
  4 sky beasts
  2 eyes of draining
  8 boggarts
  3 phantoms
  40 centaurs
  28 wolves
  49 ogres
  13 crocodiles
  19 bullfrogs
  3 big kobolds
  4 earth elementals
  An elf zombie (Ossuary)
  2 glowing shapeshifter simulacra
  A wyvern skeleton (D:14)
  31 scorpions
  34 killer bees
  13 wights
  3 electric eels
  3 howler monkeys (D:9)
  5 centaur zombies
  12 crimson imps
  6 bullfrog zombies
  A human zombie (Ossuary)
  4 jellies
  8 quasits
  5 hounds
  A gnoll shaman (D:9)
  24 orc priests
  3 bullfrog skeletons
  5 centaur skeletons
  4 iron imps
  4 iguanas
  25 orc wizards
  15 worker ants
  A big kobold zombie (Ossuary)
  2 hound skeletons
  4 mummies (Ossuary)
  17 gnolls
  14 adders
  5 shadow imps
  7 white imps
  2 ufetubi
  2 adder zombies
  A worm (D:6)
  2 dart slugs
  4 leopard geckos
  110 orcs
  6 giant cockroaches
  12 goblins
  9 hobgoblins
  6 jackals
  7 quokkas
  14 bats
  3 frilled lizards
  3 gnoll zombies (Ossuary)
  A goblin zombie (D:7)
  2 hobgoblin zombies (Ossuary)
  18 kobolds
  2 kobold zombies (Ossuary)
  2 leopard gecko skeletons (D:6)
  A leopard gecko zombie (D:6)
  A quokka zombie (D:5)
  5 rats
  2 rat zombies
  3 plants
  3 starspawn tentacles (Abyss:1)
  11 tentacles
2593 creatures vanquished.

Vanquished Creatures (collateral kills)
  A merfolk javelineer (Shoals:2)
  A hydra (Lair:5)
  A two-headed ogre (D:14)
  A death yak (Lair:5)
  A faun (Shoals:1)
  A blink frog (Lair:4)
  A boggart (D:15)
  An ogre (D:15)
  A bullfrog (Lair:6)
9 creatures vanquished.

Vanquished Creatures (others)
  A tentacled monstrosity (Zot:1)
  2 deep elf master archers (Elf:3)
  A fire dragon (Depths:4)
  3 centaur warriors
  A cyclops (Shoals:4)
  10 yaktaurs
  A dream sheep (Shoals:1)
  A redback (Spider:3)
  3 humans (Spider:4)
  6 centaurs
  An orc priest (Vaults:2)
  2 orcs
  2 giant cockroaches (Vaults:4)
  51 fungi
  A lurking horror (Abyss:1)
  98 plants
  6 starspawn tentacles
  15 tentacles
205 creatures vanquished.

Grand Total: 2807 creatures vanquished

Notes
Turn   | Place    | Note
-------+----------+-------------------------------------------
     0 | D:1      | Flugkiller the Octopode Wanderer began the quest for the
                  | Orb.
     0 | D:1      | Flugkiller set off with the following items: a +2 dagger, a
                  | scroll of blinking, a +0 quarterstaff, a ration
     0 | D:1      | Reached XP level 1. HP: 13/13 MP: 1/1
    61 | D:1      | Found a glowing golden altar of the Shining One.
   175 | D:1      | Reached XP level 2. HP: 16/18 MP: 2/2
   600 | D:1      | Reached XP level 3. HP: 24/24 MP: 3/3
  1498 | D:2      | Reached XP level 4. HP: 29/29 MP: 4/4
  2622 | D:3      | Reached XP level 5. HP: 32/36 MP: 5/5
  2757 | D:4      | Reached skill level 5 in Stealth
  2773 | D:4      | Noticed an ogre
  3104 | D:4      | Noticed an ogre
  3504 | D:4      | Reached XP level 6. HP: 42/42 MP: 6/6
  3921 | D:5      | Entered Level 5 of the Dungeon
  4015 | D:4      | Reached skill level 5 in Dodging
  4015 | D:4      | Reached XP level 7. HP: 12/49 MP: 7/7
  4337 | D:5      | Reached skill level 5 in Fighting
  4511 | D:5      | HP: 2/50 [centaur (9)]
  4754 | D:5      | Noticed Grinder
  5011 | D:6      | Found a radiant altar of Vehumet.
  5011 | D:6      | Found an ancient bone altar of Kikubaaqudgha.
  5011 | D:6      | Found a bloodstained altar of Trog.
  5014 | D:6      | Reached XP level 8. HP: 57/57 MP: 8/8
  5294 | D:6      | Reached skill level 1 in Shields
  6046 | D:6      | Found a staircase to the Ecumenical Temple.
  6064 | Temple   | Entered the Ecumenical Temple
  6081 | D:6      | Found a sparkling altar of Nemelex Xobeh.
  6084 | D:6      | Found an iron altar of Okawaru.
  6087 | D:6      | Found an opulent altar of Gozag.
  6246 | D:5      | Paralysed by Grinder for 7 turns
  6255 | D:5      | Killed Grinder
  6513 | D:7      | Noticed a hippogriff
  6522 | D:7      | Killed a hippogriff
  6522 | D:7      | Reached XP level 9. HP: 62/62 MP: 9/9
  6570 | D:7      | Found Aqizamn's Gadget Shoppe.
  6784 | D:7      | Found a sand-covered staircase.
  6804 | Ossuary  | Entered an ossuary
  7303 | D:8      | Noticed Harold
  7357 | D:8      | Noticed a two-headed ogre
  7508 | D:8      | Found Eplaamar's Magic Scroll Emporium.
  8021 | D:8      | Found a snail-covered altar of Cheibriados.
  8022 | D:8      | Found a shadowy altar of Dithmenos.
  8026 | D:8      | Became a worshipper of Cheibriados the Contemplative
  8476 | D:8      | Bought a scroll of teleportation for 36 gold pieces
  8476 | D:8      | Bought a scroll of teleportation for 36 gold pieces
  8476 | D:8      | Bought a scroll of fear for 42 gold pieces
  8586 | D:8      | Found a shimmering blue altar of Sif Muna.
  8587 | D:8      | Found a basalt altar of Yredelemnul.
  8641 | D:8      | Reached skill level 1 in Unarmed Combat
  8644 | D:8      | Reached skill level 1 in Invocations
  8713 | D:8      | Killed a two-headed ogre
  8713 | D:8      | Reached XP level 10. HP: 56/71 MP: 13/13
  8842 | D:8      | Noticed a green ugly thing
  8885 | D:8      | Reached * piety under Cheibriados
  8956 | D:9      | Found Udiulad's Assorted Antiques.
  8969 | D:9      | Bought a scratched coral ring for 125 gold pieces
  8970 | D:9      | Bought a sedimented golden potion for 22 gold pieces
  9087 | D:9      | Reached skill level 5 in Evocations
  9088 | D:9      | Found a runed translucent gate.
  9088 | D:9      | Found a runed translucent gate.
  9088 | D:9      | Found a runed translucent gate.
  9088 | D:9      | Noticed PeterQ's ghost (novice VSGl)
  9202 | D:9      | Reached ** piety under Cheibriados
  9202 | D:9      | Reached skill level 5 in Unarmed Combat
  9324 | D:9      | Noticed a two-headed ogre
  9346 | D:9      | Killed a two-headed ogre
  9662 | D:9      | Reached *** piety under Cheibriados
  9908 | D:9      | Noticed Grum
  9917 | D:9      | Killed Grum
  9917 | D:9      | Reached skill level 5 in Invocations
 10086 | D:9      | Reached XP level 11. HP: 58/78 MP: 14/14
 10145 | D:9      | Learned a level 2 spell: Sticks to Snakes
 10307 | D:9      | Reached **** piety under Cheibriados
 10367 | D:10     | Entered Level 10 of the Dungeon
 10422 | D:10     | Reached skill level 1 in Spellcasting
 10651 | D:10     | Noticed an orc knight
 10652 | D:10     | Noticed Thantalas's ghost (novice DEFE)
 10656 | D:10     | Found a transporter.
 10657 | D:10     | Found a transporter.
 10657 | D:10     | Noticed a deep elf mage
 10698 | D:10     | Reached ***** piety under Cheibriados
 10937 | D:10     | Found a staircase to the Lair.
 11181 | D:10     | Noticed a two-headed ogre
 11192 | D:10     | HP: 3/78 [two-headed ogre/+0 giant spiked club (14)]
 11194 | D:10     | Killed a two-headed ogre
 11491 | D:10     | Found a staircase to the Orcish Mines.
 11600 | D:10     | Learned a level 3 spell: Spider Form
 11669 | Lair:1   | Entered Level 1 of the Lair of Beasts
 12041 | Lair:1   | Found a runed translucent gate.
 12041 | Lair:1   | Found a runed translucent gate.
 12042 | Lair:1   | Found a runed translucent gate.
 12043 | Lair:1   | Noticed GameOver's ghost (journeyman NaWz)
 12093 | Lair:1   | Reached XP level 12. HP: 72/84 MP: 17/17
 12149 | Lair:1   | Reached skill level 10 in Unarmed Combat
 12386 | Lair:1   | Reached ****** piety under Cheibriados
 12681 | Lair:1   | Reached skill level 5 in Transmutations
 12977 | Lair:2   | Noticed a catoblepas
 12993 | Lair:2   | Killed a catoblepas
 14015 | Lair:3   | Learned a level 5 spell: Blade Hands
 14039 | Lair:3   | Noticed Gastronok
 14725 | Lair:4   | Reached skill level 10 in Dodging
 15281 | Lair:4   | Reached XP level 13. HP: 73/90 MP: 19/19
 15695 | Lair:4   | Found a hole to the Spider Nest.
 16743 | Lair:6   | Entered Level 6 of the Lair of Beasts
 16743 | Lair:6   | Found a transporter.
 16743 | Lair:6   | Noticed Bodooc's ghost (journeyman OpSu)
 16771 | Lair:6   | Found a transporter.
 16875 | Lair:6   | Reached skill level 10 in Fighting
 16954 | Lair:6   | Found a gate leading to a gauntlet.
 16979 | Gauntlet | Entered a Gauntlet
 16979 | Gauntlet | Found a transporter.
 16979 | Gauntlet | Found a transporter.
 16983 | Gauntlet | Found a transporter.
 16984 | Gauntlet | Found a transporter.
 16985 | Gauntlet | Found a large runed translucent door.
 16986 | Gauntlet | Found a large runed translucent door.
 16987 | Gauntlet | Found a large runed translucent door.
 16987 | Gauntlet | Found a large runed translucent door.
 16987 | Gauntlet | Found a runed translucent door.
 16988 | Gauntlet | Found a large runed translucent door.
 16989 | Gauntlet | Found a large runed translucent door.
 16990 | Gauntlet | Found a large runed translucent door.
 16990 | Gauntlet | Found a large runed translucent door.
 16991 | Gauntlet | Found a runed translucent gate.
 17002 | Gauntlet | Found a transporter.
 17002 | Gauntlet | Found a runed translucent gate.
 17002 | Gauntlet | Noticed an entropy weaver
 17003 | Gauntlet | Found a runed translucent gate.
 17004 | Gauntlet | Found a transporter.
 17004 | Gauntlet | Found a transporter.
 17004 | Gauntlet | Found a large runed translucent door.
 17005 | Gauntlet | Found a large runed translucent door.
 17006 | Gauntlet | Found a large runed translucent door.
 17008 | Gauntlet | Found a transporter.
 17047 | Gauntlet | Found a transporter.
 17050 | Gauntlet | Found a transporter.
 17061 | Gauntlet | Found a runed translucent door.
 17070 | Gauntlet | Found a large runed translucent door.
 17070 | Gauntlet | Found a large runed translucent door.
 17070 | Gauntlet | Found a large runed translucent door.
 17071 | Gauntlet | Found a large runed translucent door.
 17072 | Gauntlet | Found a transporter.
 17072 | Gauntlet | Found a large runed translucent door.
 17094 | Gauntlet | Found a transporter.
 17133 | Gauntlet | Found a transporter.
 17151 | Gauntlet | Found a transporter.
 17249 | Gauntlet | Found a transporter.
 17263 | Gauntlet | Found a transporter.
 17421 | Gauntlet | Reached XP level 14. HP: 72/99 MP: 20/20
 17441 | Gauntlet | Got a faintly glowing turquoise ring
 17454 | Gauntlet | Identified the ring "Byewkoma" {Fire Str+6} (You found it
                  | in a Gauntlet)
 17490 | Gauntlet | Got an ancient brass ring
 17500 | Gauntlet | Identified the ring "Oriudgho" {rF++ rN+ Int-4 Stlth+} (You
                  | found it in a Gauntlet)
 17563 | Gauntlet | Identified the Tome of Combat Magic
 17566 | Gauntlet | Identified Ovet's Almanac of Good Luck
 17573 | Gauntlet | Identified the Handbook of Battle Magic and Clay
 18096 | Lair:6   | Reached skill level 10 in Transmutations
 18210 | Lair:6   | Learned a level 6 spell: Statue Form
 18267 | Lair:6   | Got a steaming trident
 18269 | Lair:6   | Identified the +11 trident of Discord {venom, rF+ rC- rN+
                  | MR+} (You found it on level 6 of the Lair of Beasts)
 18370 | Lair:6   | Found a viscous altar of Jiyva.
 18370 | Lair:6   | Found a staircase to the Slime Pits.
 18422 | Lair:6   | Found the +3 salamander hide armour {+Rage rF++}
 18450 | Lair:6   | Reached skill level 1 in Earth Magic
 19790 | D:12     | Noticed Sonja
 19796 | D:12     | Killed Sonja
 19851 | D:12     | Found a shimmering blue altar of Sif Muna.
 19896 | D:12     | Found a sparkling altar of Nemelex Xobeh.
 20260 | D:12     | Found a runed translucent gate.
 20260 | D:12     | Found a runed translucent gate.
 20260 | D:12     | Found a runed translucent gate.
 20261 | D:12     | Noticed MirrMurr's ghost (journeyman SpEn)
 20370 | D:12     | Noticed Nessos
 20379 | D:12     | Killed Nessos
 21012 | D:12     | Found a sparkling altar of Nemelex Xobeh.
 21195 | D:12     | Found a shimmering blue altar of Sif Muna.
 21488 | D:13     | Reached XP level 15. HP: 84/106 MP: 22/22
 22569 | D:14     | Found a flagged portal.
 22583 | Bailey   | Entered a bailey
 23017 | Bailey   | Reached skill level 5 in Earth Magic
 23858 | D:14     | Found a gate to the Vaults.
 24257 | D:15     | Entered Level 15 of the Dungeon
 24281 | D:15     | Found a staircase to the Depths.
 24374 | D:15     | Reached skill level 15 in Transmutations
 25462 | D:15     | Learned a level 5 spell: Irradiate
 25974 | Spider:1 | Entered Level 1 of the Spider Nest
 25998 | Lair:4   | Reached XP level 16. HP: 100/113 MP: 23/23
 26628 | Spider:1 | Reached skill level 5 in Spellcasting
 27801 | Spider:2 | Gained mutation: You are partially covered in molten
                  | scales. (AC +2) [mutagenic glow]
 27802 | Spider:2 | wtf
 27803 | Spider:2 | wow, literally one in a million
 27803 | Spider:2 | 6 miscasts at 10% in a row
 28466 | Spider:2 | Reached XP level 17. HP: 110/121 MP: 26/26
 28565 | Spider:2 | Found a runed translucent door.
 29461 | Spider:3 | Found a roughly hewn altar of Beogh.
 29535 | Spider:4 | Entered Level 4 of the Spider Nest
 29800 | Spider:4 | Noticed Arachne
 29816 | Spider:4 | Killed Arachne
 30002 | Spider:4 | Noticed Kirke
 30006 | Spider:4 | Killed Kirke
 30050 | Spider:4 | Reached XP level 18. HP: 131/131 MP: 27/27
 30182 | Spider:4 | Got a gossamer rune of Zot
 30639 | Lair:3   | Killed Gastronok
 30692 | Lair:3   | Found a staircase to the Shoals.
 30704 | Shoals:1 | Entered Level 1 of the Shoals
 30859 | Orc:1    | Entered Level 1 of the Orcish Mines
 30996 | Orc:1    | Noticed Erica
 31002 | Orc:1    | Killed Erica
 31224 | Orc:2    | Entered Level 2 of the Orcish Mines
 31748 | Orc:2    | Found Utifen's Antique Armour Shoppe.
 31749 | Orc:2    | Found Zorr's Antique Weapon Shoppe.
 31750 | Orc:2    | Found Kutt's General Store.
 31750 | Orc:2    | Found Qivuh's Jewellery Emporium.
 33044 | Shoals:2 | Reached skill level 15 in Dodging
 33044 | Shoals:2 | Reached skill level 15 in Unarmed Combat
 33111 | Shoals:2 | Reached skill level 15 in Fighting
 33986 | Shoals:3 | Found a runed translucent gate.
 34139 | Shoals:3 | Reached XP level 19. HP: 88/139 MP: 25/28
 34424 | Shoals:3 | Found a runed translucent gate.
 34424 | Shoals:3 | Found a runed translucent gate.
 34425 | Shoals:3 | Noticed Vulo's ghost (adept OpEE)
 34814 | Shoals:3 | Killed Vulo's ghost
 34930 | Shoals:3 | Identified the cursed ring "Soddies" {*Slow Str+4 Int-3
                  | Dex+3} (You found it on level 3 of the Shoals)
 34961 | Shoals:4 | Entered Level 4 of the Shoals
 35239 | Shoals:4 | Found a frozen archway.
 35255 | IceCv    | Entered an ice cave
 36062 | IceCv    | Got a jewelled trident
 36063 | IceCv    | Identified the +3 trident of Anger {pain, *Corrode Int+4
                  | Dex+9} (You found it in an ice cave)
 36281 | Shoals:4 | Reached skill level 5 in Shields
 36292 | Shoals:4 | Got a barnacled rune of Zot
 36308 | Shoals:4 | Learned a level 3 spell: Regeneration
 36478 | Shoals:4 | Reached skill level 1 in Necromancy
 36998 | Shoals:4 | Got an ancient turquoise ring
 37112 | Shoals:4 | Identified the ring "Luz Pyxzoost" {MP+9 Str+3} (You found
                  | it on level 4 of the Shoals)
 37742 | Orc:2    | Found a staircase to the Elven Halls.
 37812 | Elf:1    | Entered Level 1 of the Elven Halls
 37993 | Elf:1    | Found Negoq's Gadget Shoppe.
 38032 | Elf:1    | Found Kythro's Distillery.
 38047 | Elf:1    | Reached XP level 20. HP: 147/147 MP: 20/29
 38053 | Elf:1    | Found Heme's General Store.
 38088 | Elf:1    | Bought a potion of curing for 51 gold pieces
 38088 | Elf:1    | Bought a potion of curing for 51 gold pieces
 38088 | Elf:1    | Bought a potion of curing for 51 gold pieces
 38088 | Elf:1    | Bought a potion of curing for 51 gold pieces
 38088 | Elf:1    | Bought a potion of curing for 51 gold pieces
 38122 | Elf:1    | Bought 2 scrolls of summoning for 361 gold pieces
 38138 | Elf:1    | Bought a scroll of magic mapping for 66 gold pieces
 38163 | Elf:1    | Found Ykku's Armour Boutique.
 38215 | Elf:1    | Found a portal to a secret trove of treasure.
 38835 | Elf:2    | Found a huge runed translucent gate.
 38835 | Elf:2    | Found a huge runed translucent gate.
 38835 | Elf:2    | Found a huge runed translucent gate.
 38835 | Elf:2    | Found a huge runed translucent gate.
 38835 | Elf:2    | Found a huge runed translucent gate.
 39479 | Elf:3    | Entered Level 3 of the Elven Halls
 39492 | Elf:3    | Noticed Donald
 39498 | Elf:3    | Killed Donald
 39545 | Elf:3    | Found a flickering gateway to a bazaar.
 39557 | Bazaar   | Entered a bazaar
 39565 | Bazaar   | Found Gidiraypn's Magic Scroll Shop.
 39565 | Bazaar   | Found Zenu's Jewellery Boutique.
 39576 | Bazaar   | Bought an uncursed ring of protection from magic for 350
                  | gold pieces
 39580 | Bazaar   | Bought a scroll of enchant armour for 90 gold pieces
 39580 | Bazaar   | Bought a scroll of enchant armour for 90 gold pieces
 39580 | Bazaar   | Bought a scroll of fog for 24 gold pieces
 39914 | Elf:3    | Reached XP level 21. HP: 90/155 MP: 9/30
 40385 | Elf:3    | Identified the Volume of Ghastly Beguiling
 40400 | Elf:3    | Identified Weuhokus's Disquisition on Black Arts
 40404 | Elf:3    | Identified the Tome of Flamy Flight
 40508 | Elf:3    | Identified Emuheh's Almanac of Creation
 40894 | Vaults:1 | Entered Level 1 of the Vaults
 41225 | Vaults:1 | Found a magical portal.
 42289 | Vaults:2 | Noticed Xtahua
 42298 | Vaults:2 | Killed Xtahua
 42299 | Vaults:2 | Noticed Aizul
 42305 | Vaults:2 | Killed Aizul
 42329 | Vaults:2 | Reached skill level 10 in Shields
 42955 | Vaults:2 | Reached XP level 22. HP: 164/164 MP: 25/31
 43353 | Vaults:3 | Found a staircase to the Crypt.
 43353 | Vaults:3 | Noticed Mara
 43362 | Vaults:3 | Noticed Flugkiller's illusion
 43380 | Vaults:3 | Noticed Flugkiller's illusion
 43380 | Vaults:3 | Killed Mara
 43972 | Vaults:3 | Noticed Saint Roka
 43981 | Vaults:3 | Killed Saint Roka
 44488 | Crypt:1  | Entered Level 1 of the Crypt
 44886 | Vaults:4 | Reached XP level 23. HP: 172/172 MP: 27/32
 45087 | Vaults:4 | Found Joraf's Gadget Emporium.
 45844 | Depths:1 | Entered Level 1 of the Depths
 45861 | Depths:1 | Found a shimmering altar of Xom.
 45867 | Depths:1 | Found a gateway to Hell.
 46081 | Depths:1 | Found a bloodstained altar of Trog.
 46111 | Depths:1 | Identified the Volume of Weightlessness and Stolen Souls
 46255 | Depths:1 | Found Rifex's General Store.
 46255 | Depths:1 | Found Tosuinoc's Gadget Boutique.
 46732 | Depths:2 | Found a flickering gateway to a bazaar.
 46756 | Bazaar   | Entered a bazaar
 46756 | Bazaar   | Found Gidiab's Food Emporium.
 46756 | Bazaar   | Found Asuvis's Weapon Shoppe.
 46756 | Bazaar   | Found Luepp's Armour Shoppe.
 46756 | Bazaar   | Found Osajuyggo's Book Emporium.
 47146 | Depths:2 | Found a gateway to a ziggurat.
 47242 | Depths:2 | Found Riten's Jewellery Shop.
 47243 | Depths:2 | Found Niezimm's Gadget Shoppe.
 47243 | Depths:2 | Found Vielaam's Gadget Shoppe.
 47294 | Depths:2 | Reached XP level 24. HP: 180/180 MP: 28/32
 47831 | Depths:3 | Found a one-way gate leading to the halls of Pandemonium.
 47937 | Depths:3 | Noticed a juggernaut
 47950 | Depths:3 | Killed a juggernaut
 48016 | Depths:3 | Got a fine glaive
 48943 | Depths:4 | Found a runed translucent door.
 48968 | Depths:4 | Reached skill level 5 in Charms
 49086 | Depths:4 | Noticed a caustic shrike
 49090 | Depths:4 | Killed a caustic shrike
 49100 | Depths:4 | Noticed a juggernaut
 49107 | Depths:4 | Killed a juggernaut
 49107 | Depths:4 | Reached XP level 25. HP: 189/189 MP: 31/32
 49139 | Depths:4 | Got an iridescent hunting sling
 49163 | Depths:4 | Learned a level 6 spell: Deflect Missiles
 49176 | Depths:4 | Reached skill level 1 in Air Magic
 49232 | Depths:4 | Found a corrupted altar of Lugonu.
 49232 | Depths:4 | Found a one-way gate to the infinite horrors of the Abyss.
 49475 | Depths:4 | Voluntarily entered the Abyss.
 49552 | Abyss:1  | Paralysed by accursed screaming for 1 turns
 49563 | Abyss:1  | Found a corrupted altar of Lugonu.
 49677 | Abyss:1  | Identified a scroll of acquirement
 49686 | Abyss:1  | Got a scintillating tin ring
 49687 | Abyss:1  | Identified the ring "Yptibb" {AC+4 Dex+3} (You acquired it
                  | on level 1 of the Abyss)
 49840 | Abyss:1  | Reached skill level 5 in Air Magic
 50479 | Abyss:4  | Reached skill level 10 in Invocations
 50555 | Abyss:4  | Got an abyssal rune of Zot
 50577 | Abyss:4  | Found a corrupted altar of Lugonu.
 50770 | Abyss:5  | Entered Level 5 of the Abyss
 50770 | Abyss:5  | Entered Level 5 of the Abyss
 50795 | Depths:4 | Escaped the Abyss
 50832 | Depths:5 | Entered Level 5 of the Depths
 50837 | Depths:5 | Noticed Sojobo
 50843 | Depths:5 | Noticed Margery
 50845 | Depths:5 | Killed Sojobo
 50855 | Depths:5 | Killed Margery
 50928 | Depths:5 | Reached XP level 26. HP: 194/196 MP: 29/33
 50938 | Depths:5 | Found a gate to the Realm of Zot.
 51594 | Zot:1    | Entered Level 1 of the Realm of Zot
 51824 | Zot:1    | Reached skill level 15 in Shields
 52823 | Zot:2    | Reached skill level 10 in Air Magic
 52927 | Zot:2    | Reached skill level 10 in Charms
 53418 | Zot:3    | Reached XP level 27. HP: 203/203 MP: 33/33
 54538 | Zot:5    | Entered Level 5 of the Realm of Zot
 55099 | Zot:5    | Noticed an ancient lich
 55099 | Zot:5    | Noticed an ancient lich
 55100 | Zot:5    | Noticed an ancient lich
 55101 | Zot:5    | Noticed an ancient lich
 55102 | Zot:5    | Noticed an orb of fire
 55106 | Zot:5    | Noticed an ancient lich
 55107 | Zot:5    | Killed an ancient lich
 55108 | Zot:5    | Gained mutation: Your magical capacity is low. (-10% MP)
                  | [an orb of fire]
 55109 | Zot:5    | Noticed an ancient lich
 55113 | Zot:5    | Killed an orb of fire
 55113 | Zot:5    | Noticed an ancient lich
 55114 | Zot:5    | Noticed an ancient lich
 55117 | Zot:5    | Killed an ancient lich
 55120 | Zot:5    | Killed an ancient lich
 55120 | Zot:5    | Noticed an ancient lich
 55123 | Zot:5    | Killed an ancient lich
 55123 | Zot:5    | Noticed an orb of fire
 55125 | Zot:5    | Killed an ancient lich
 55128 | Zot:5    | Killed an ancient lich
 55130 | Zot:5    | Gained mutation: You are dopey. (Int -2) [an orb of fire]
 55131 | Zot:5    | Killed an ancient lich
 55136 | Zot:5    | Killed an orb of fire
 55396 | Zot:5    | Killed an ancient lich
 55587 | Zot:5    | Noticed an orb of fire
 55601 | Zot:5    | Killed an orb of fire
 55604 | Zot:5    | Killed an ancient lich
 55614 | Zot:5    | Noticed an orb of fire
 55620 | Zot:5    | Gained mutation: Your spells are a little easier to cast,
                  | but a little less powerful. [an orb of fire]
 55622 | Zot:5    | Killed an orb of fire
 55827 | Zot:5    | Got the Orb of Zot
 56354 | D:1      | gg
 56355 | D:$      | Escaped with the Orb!

Levels and vault maps discovered:
D:1:      scummos_arrival_simple_fountains, layout_loops_corners, tso_altar
D:2:      layout_basic
D:3:      layout_loops_ring, first_ration
D:4:      layout_loops_ring, kennysheep_generic_room_11
D:5:      layout_rooms, uniq_grinder
D:6:      layout_basic, grunt_temple_overflow_diamond,
          chequers_temple_overflow_statue_of_worship,
          minmay_temple_entry_arrows, minmay_strange_pillars
D:7:      layout_loops_cross, enter_ossuary_4, serial_shops, shop
D:8:      minmay_the_grid_square_5x5_3x3
          [minmay_the_grid_square_5x5_fancy_junction,
          minmay_the_grid_square_5x5_two,
          minmay_the_grid_square_5x5_broken_cross,
          minmay_the_grid_square_5x5_intrusive_squares,
          minmay_the_grid_square_5x5_megaprize_checkered,
          minmay_the_grid_square_5x5_misaligned,
          minmay_the_grid_square_5x5_spiral_small,
          minmay_the_grid_square_5x5_inner_v,
          minmay_the_grid_square_5x5_checkered_sparse], layout_rooms,
          gammafunk_temple_overflow_statue, minitemple, serial_shops,
          shop_scrolls, uniq_harold
D:9:      layout_roguey, ebering_ghost_rock_garden, serial_shops,
          nicolae_shop_competitors_out_of_business, uniq_grum
D:10:     layout_basic, due_lair_maze_entry_diamond, gammafunk_ghost_arena,
          grunt_tengu_nest
D:11:     layout_cave_pools
D:12:     layout_roguey, basic_altar, gammafunk_ghost_hydra_chop,
          nemelex_altar_shiori, uniq_sonja, uniq_nessos
D:13:     layout_layer_cave
D:14:     layout_roguey, skrybe_vaults_entry_preservation, enter_bailey_3,
          minmay_misc_feat_chi
D:15:     grunt_enter_depths_snipers, layout_small_grid,
          chequers_serial_rivers_room_a, columned_hall_lemuel
Temple:   minmay_freezing_vapour_temple
Lair:1:   layout_chaotic_city, ebering_ghost_rock_garden,
          hangedman_lair_generics_rect
Lair:2:   layout_chaotic_city
Lair:3:   layout_gridlike, minmay_shoals_entry_hut, uniq_gastronok
Lair:4:   layout_hall_layers, spider_nest_entry_funnel_web, beast_lair_carwin_6
Lair:5:   layout_roguey, minmay_holes
Lair:6:   minmay_lair_end_frog_pond, layout_loops_ring,
          dpeg_slime_entry_enclosed_altar, gammafunk_ghost_berserking_beasts,
          gauntlet_entry_generic, ice2_lemuel
Shoals:1: layout_shoals
Shoals:2: layout_shoals
Shoals:3: layout_shoals, gammafunk_ghost_tricky_traps,
          nicolae_shoals_siren_and_animal_friends
Shoals:4: shoals_end_hangedman, layout_shoals, portal_ice_cave_entry_pillars_1
Spider:1: spiders_nest_a
Spider:2: cheibrodos_spider_deadly_dance, special_room [special_room_bee]
Spider:3: nicolae_spider_mines_2, nicolae_spider_cling_ruins
Spider:4: grunt_spider_rune_circles, drop_trap, spiders_nest_spider_trap,
          uniq_arachne, uniq_kirke
Orc:1:    layout_caves, roderic_batcave, uniq_erica
Orc:2:    st_orc_congregation, layout_caves
Elf:1:    minmay_elf_arrival_summoners, layout_loops_cross, serial_shops, shop,
          shop, shop, nicolae_shop_trees, nicolae_trove_entry_free_sample,
          minivault_4
Elf:2:    layout_onion_city
Elf:3:    minmay_elf_hall_dome, layout_gridlike, serial_shops, bzr_firewalk,
          uniq_donald
Vaults:1: v_alt_pattern_5, grunt_vaults_swirl, nicolae_vaults_little_squares_1,
          nicolae_vaults_network_quinsquares
          [nicolae_vaults_network_quincunx_subvault,
          nicolae_vaults_network_quincunx_subvault,
          nicolae_vaults_network_quincunx_subvault,
          nicolae_vaults_network_quincunx_subvault],
          hangedman_vaults_variations, v_misc_9, nicolae_vaults_shelves_hall,
          vaults_dpeg_encased_lava, layout_vaults_quadrants,
          infiniplex_enter_wizlab_glasses
Vaults:2: ontoclasm_vaults_ring_large, hangedman_vaults_maws,
          nicolae_vaults_angled_halls, vaults_room_ringed_pool,
          vaults_dpeg_spiral, v_alt_pattern_6,
          vaults_standard_mumra_enter_the_diamond, v_misc_14, v_misc_17,
          v_misc_16, v_misc_27, dpeg_vaults_monster_box, vaults_dpeg_hooks,
          layout_vaults_maze_snakey, uniq_aizul, uniq_xtahua
Vaults:3: minmay_crypt_entry_nasty_monster, hangedman_vaults_nodes,
          nicolae_vaults_disjoint_gnomons, nicolae_vaults_three_branches,
          hangedman_vaults_cutoff, v_misc_10, nicolae_vaults_big_ls, v_misc_23,
          ontoclasm_vaults_ligature, nicolae_vaults_little_squares_6,
          vaults_room_pools, layout_vaults_big_cross, uniq_saint_roka, uniq_mara
Vaults:4: hangedman_vaults_maws, hangedman_vaults_stretched_pinwheel,
          nicolae_vaults_ninety_degrees, hangedman_vaults_nails,
          nicolae_vaults_stairing_the_circle, v_rooms_3, v_misc_26,
          nicolae_vaults_little_squares_4, hangedman_vaults_stretched_pinwheel,
          vaults_dpeg_ring, layout_vaults_chaotic_city, serial_shops,
          nicolae_shop_crystal
Crypt:1:  layout_rooms, grunt_ministairs_1, grunt_crypt_arrival_guarded_gate,
          grunt_megastairs_3
Depths:1: layout_basic, lemuel_crystal_altar, hell_entry, grunt_ministairs_9,
          st_stairs_1, evilmike_spriggan_trog_shrine, minmay_shoptagon,
          roderic_lattice_octagonal_star
Depths:2: nicolae_whirlpool, layout_gridlike, enter_ziggurat_b, serial_shops,
          bzr_entry_islet, hell_entry, chequers_serial_rivers_marsh,
          minmay_starry_boxes, minmay_shop_grove
Depths:3: evilmike_pillar_path, layout_gridlike, skrybe_limestone_x,
          grunt_pan_entry_in_and_out, grunt_hell_entry_dis_mu,
          infiniplex_staircase_diamond
Depths:4: minmay_fractal_lines_corner, layout_cross,
          chequers_serial_rivers_micro_a, abyss_entry_flame_altar, hell_entry,
          minmay_acid_items, infiniplex_staircase_spiral_double
Depths:5: evilmike_zot_entry_diamond, layout_cave_pools,
          hangedman_abyss_entry_splay, hell_entry, serial_column_ruins,
          column_ruins_corridor_straight, column_ruins_grid_1,
          column_ruins_corridor_corner, column_ruins_grid_1,
          column_ruins_columns_straight, roderic_roman_lattice,
          minmay_misc_feat_hallway, st_stairs_2, serial_bayou_lagoon_a,
          serial_bayou_shore_b, uniq_sojobo, uniq_margery
Zot:1:    layout_onion_interference
Zot:2:    layout_gridville
Zot:3:    layout_gridlike
Zot:4:    layout_onion_interference
Zot:5:    layout_basic, drop_trap

Skill      XL: |  1  2  3  4  5  6  7  8  9 10 11 12 13 14 15 16 17 18 19 20 21 22 23 24 25 26 27 |
---------------+----------------------------------------------------------------------------------+-----
Stealth        | 3 4 5 |  5.0
Fighting       | 2 3 4 5 6 7 8 9 10 11 12 14 15 16 17 18 19 20 24 | 24.1
Dodging        | 3 5 6 8 9 10 13 14 15 16 17 18 19 20 | 20.0
Shields        | 4 5 8 10 12 13 15 | 15.0
Evocations     | 4 5 |  5.0
Unarmed Combat | 3 6 9 10 11 12 14 15 16 17 18 19 20 24 | 24.4
Invocations    | 2 5 7 8 9 14 | 14.1
Spellcasting   | 2 4 6 7 |  7.0
Transmutations | 4 8 9 10 15 16 | 16.5
Earth Magic    | 4 6 8 9 |  9.0
Necromancy     | 2 3 |  3.0
Charms         | 3 7 8 10 | 10.0
Air Magic      | 8 10 | 10.0
Long Blades    | |  1.0

Action                   |  1- 3 |  4- 6 |  7- 9 | 10-12 | 13-15 | 16-18 | 19-21 | 22-24 | 25-27 || total
-------------------------+-------+-------+-------+-------+-------+-------+-------+-------+-------++-------
Melee: Dagger            |    44 |       |       |     1 |       |       |       |       |       ||    45
       Constrict         |     7 |    18 |    51 |    67 |   119 |   173 |   128 |    87 |   156 ||   806
       Tentacles         |     6 |    20 |    47 |   161 |   213 |   175 |   183 |   191 |   304 ||  1300
       Whip              |     6 |    81 |    17 |       |       |       |       |       |       ||   104
       Morningstar       |       |       |   210 |   166 |       |       |       |       |       ||   376
       Punch             |       |       |       |    52 |    90 |    97 |   129 |   152 |   225 ||   745
       Unarmed           |       |       |       |   331 |   626 |   710 |   784 |   670 |   884 ||  4005
Throw: Dart              |       |    23 |    30 |       |     9 |    31 |       |       |       ||    93
       Stone             |       |       |     3 |    44 |    10 |       |       |       |       ||    57
 Cast: Sticks to Snakes  |       |       |       |    10 |    28 |     5 |     5 |       |       ||    48
       Spider Form       |       |       |       |     4 |     3 |       |       |       |       ||     7
       Blade Hands       |       |       |       |     1 |     7 |     1 |       |       |       ||     9
       Statue Form       |       |       |       |       |     2 |    64 |    94 |    72 |    77 ||   309
       Irradiate         |       |       |       |       |     1 |     6 |     5 |     6 |     2 ||    20
       Regeneration      |       |       |       |       |       |       |       |     5 |     9 ||    14
       Deflect Missiles  |       |       |       |       |       |       |       |       |     5 ||     5
Invok: Bend Time         |       |       |       |     4 |     2 |       |       |       |       ||     6
       Slouch            |       |       |       |       |    21 |    11 |    11 |    15 |    11 ||    69
       Temporal Distorti |       |       |       |       |     2 |     7 |       |       |       ||     9
       Step From Time    |       |       |       |       |       |       |       |       |     1 ||     1
 Abil: End Transformatio |       |       |       |       |       |       |       |       |     2 ||     2
Evoke: Wand              |       |       |     3 |    11 |    20 |    23 |       |       |     8 ||    65
       Sack of spiders   |       |       |       |       |     1 |       |       |       |       ||     1
  Use: Scroll            |     6 |     3 |    10 |     8 |    12 |     5 |    11 |     1 |    18 ||    74
       Potion            |       |       |     2 |     1 |     6 |     4 |       |       |     2 ||    15
 Stab: Sleeping          |    18 |     6 |    19 |    17 |    21 |    16 |    15 |    12 |     5 ||   129
       Distracted        |       |       |       |     1 |     5 |     8 |     4 |     3 |     6 ||    27
       Paralysed         |       |       |       |       |     2 |     2 |       |       |       ||     4
       Confused          |       |       |       |       |       |       |     1 |     1 |     1 ||     3
  Eat: Chunk             |     2 |     4 |    12 |    14 |    19 |    35 |    49 |    41 |    29 ||   205
       Ration            |       |     1 |     2 |       |     3 |     5 |     4 |     2 |     7 ||    24
Armor: Skin              |     2 |     1 |    25 |    19 |    14 |   235 |   170 |   135 |   200 ||   801
Dodge: Dodged            |    25 |    42 |   171 |   361 |   641 |  1678 |  1471 |  1259 |  1308 ||  6956
       Deflected         |       |       |       |       |       |       |       |       |    22 ||    22
Block: Shield            |       |    11 |   118 |     9 |       |       |       |       |   712 ||   850
       Buckler           |       |       |       |   211 |   369 |   752 |   715 |   675 |   234 ||  2956
       Reflection        |       |       |       |    11 |    32 |    51 |   106 |    97 |    14 ||   311

Table legend:
 A = Non-vault XP
 B = Vault XP
 C = Vault XP percentage of total XP
 D = Non-vault monster count
 E = Vault monster count
 F = Vault count percentage of total count
                 A         B        C        D         E       F
            +---------+---------+-------+---------+---------+-------
      Total |  987625 |  643681 |  39.5 |    1797 |     799 |  30.8
            +---------+---------+-------+---------+---------+-------
        D:1 |      43 |       0 |   0.0 |      26 |       0 |   0.0
        D:2 |      87 |       0 |   0.0 |      21 |       0 |   0.0
        D:3 |      61 |       0 |   0.0 |      10 |       0 |   0.0
        D:4 |     478 |      13 |   2.6 |      15 |       1 |   6.2
        D:5 |     397 |     300 |  43.0 |      11 |       1 |   8.3
        D:6 |     894 |       0 |   0.0 |      24 |       0 |   0.0
        D:7 |     685 |     118 |  14.7 |      11 |       3 |  21.4
        D:8 |     384 |    1617 |  80.8 |       8 |      12 |  60.0
        D:9 |    4124 |     535 |  11.5 |      56 |       4 |   6.7
       D:10 |    3686 |    1039 |  22.0 |      30 |       8 |  21.1
       D:11 |    3017 |       0 |   0.0 |      42 |       0 |   0.0
       D:12 |    3471 |    2092 |  37.6 |      16 |       2 |  11.1
       D:13 |    4399 |       0 |   0.0 |      25 |       0 |   0.0
       D:14 |   13675 |    2369 |  14.8 |      50 |      13 |  20.6
       D:15 |   17028 |    2369 |  12.2 |      52 |       3 |   5.5
     Lair:1 |    5727 |    1429 |  20.0 |      30 |       7 |  18.9
     Lair:2 |    2260 |       0 |   0.0 |      10 |       0 |   0.0
     Lair:3 |    4932 |    2419 |  32.9 |      19 |       2 |   9.5
     Lair:4 |    5309 |    2518 |  32.2 |      25 |       9 |  26.5
     Lair:5 |    8477 |       0 |   0.0 |      21 |       0 |   0.0
     Lair:6 |   12707 |   15678 |  55.2 |      43 |      64 |  59.8
   Shoals:1 |   13382 |       0 |   0.0 |      28 |       0 |   0.0
   Shoals:2 |   14698 |       0 |   0.0 |      29 |       0 |   0.0
   Shoals:3 |   14369 |   11372 |  44.2 |      27 |      17 |  38.6
   Shoals:4 |   21245 |   20085 |  48.6 |      47 |      32 |  40.5
   Spider:1 |   18294 |   17279 |  48.6 |      51 |      60 |  54.1
   Spider:2 |   15471 |   11033 |  41.6 |      44 |      42 |  48.8
   Spider:3 |   25029 |    1450 |   5.5 |      61 |       5 |   7.6
   Spider:4 |   13767 |   28768 |  67.6 |      46 |      44 |  48.9
      Orc:1 |    3766 |     929 |  19.8 |      15 |       8 |  34.8
      Orc:2 |    6315 |   11531 |  64.6 |      43 |      67 |  60.9
      Elf:1 |   22018 |    3489 |  13.7 |      37 |       6 |  14.0
      Elf:2 |    9406 |   25287 |  72.9 |      14 |      30 |  68.2
      Elf:3 |   11164 |   48043 |  81.1 |      20 |      31 |  60.8
   Vaults:1 |   27663 |   10246 |  27.0 |      59 |      16 |  21.3
   Vaults:2 |   46063 |   11754 |  20.3 |      68 |      14 |  17.1
   Vaults:3 |   37680 |   37464 |  49.9 |      63 |      42 |  40.0
   Vaults:4 |   54728 |   11894 |  17.9 |      79 |      19 |  19.4
   Depths:1 |   39139 |    7521 |  16.1 |      45 |       8 |  15.1
   Depths:2 |   39308 |    5603 |  12.5 |      49 |       9 |  15.5
   Depths:3 |   32201 |   38610 |  54.5 |      44 |      31 |  41.3
   Depths:4 |   21531 |   45795 |  68.0 |      25 |      19 |  43.2
   Depths:5 |   46612 |   35259 |  43.1 |      30 |      20 |  40.0
      Zot:1 |   63820 |       0 |   0.0 |      41 |       0 |   0.0
      Zot:2 |   50310 |       0 |   0.0 |      33 |       0 |   0.0
      Zot:3 |   55939 |       0 |   0.0 |      30 |       0 |   0.0
      Zot:4 |   98806 |       0 |   0.0 |      68 |       0 |   0.0
      Zot:5 |   31391 |  202546 |  86.6 |      21 |      47 |  69.1
    Abyss:1 |   27270 |       0 |   0.0 |      65 |       0 |   0.0
    Abyss:2 |   12059 |       0 |   0.0 |      25 |       0 |   0.0
    Abyss:3 |    7502 |       0 |   0.0 |       5 |       0 |   0.0
    Abyss:4 |   14838 |   10302 |  41.0 |      40 |      12 |  23.1
    Ossuary |       0 |     247 | 100.0 |       0 |      16 | 100.0
     Bailey |       0 |    2270 | 100.0 |       0 |      39 | 100.0
      IceCv |       0 |    8116 | 100.0 |       0 |      22 | 100.0
   Gauntlet |       0 |    4292 | 100.0 |       0 |      14 | 100.0
            +---------+---------+-------+---------+---------+-------
